Map: Bridgehead LE (Void)

Players

Nistart

  • Race: Protoss Protoss
  • League: Platinum

EZWarlordz - Winner!

  • Race: Protoss Protoss
  • League: Master

Event: Lycan League Weekly August #3

VOD

Have the link to the VOD?

Description

Time

  • Played on: Aug. 17, 2015, 12:18 p.m.
  • Length: 5:01
Show
View Real Time Build Order
Export as new Build Order

Nistart Protoss 

Build Orders:  

Get SALT Encoding   

  12  0:01  Probe  
  13  0:14  Probe  
  13  0:19  Pylon  
  14  0:37  Probe (Chrono Boost)  
  14  0:41  Gateway  
  15  0:47  Probe (Chrono Boost)  
  16  0:54  Probe  
  17  1:01  Gateway  
  17  1:07  Probe (Chrono Boost), Assimilator  
  18  1:16  Probe (Chrono Boost)  
  19  1:24  Probe  
  20  1:28  Cybernetics Core  
  20  1:37  Assimilator  
  20  1:40  Probe  
  21  1:52  Probe  
  22  2:10  Pylon  
  22  2:11  Warp Gate (Chrono Boost)  
  22  2:27  Pylon  
  22  2:28  Probe, Adept x2  
  27  2:31  Pylon  
  27  2:48  Probe, Robotics Facility  
  28  2:53  Gateway  
  28  2:55  Gateway  
  28  3:02  Stalker  
  30  3:10  Stalker  
  32  3:22  Pylon  
  29  3:47  Stalker  
  29  3:50  Stalker  
  29  3:58  Stalker  
  30  4:38  Pylon  
  30  4:42  Pylon  
  28  4:46  Stalker  
Show
View Real Time Build Order
Export as new Build Order

EZWarlordz Protoss - Winner!

Build Orders:  

Get SALT Encoding   

  12  0:01  Probe  
  13  0:14  Pylon  
  13  0:20  Probe  
  14  0:32  Probe  
  15  0:37  Gateway  
  15  0:44  Probe (Chrono Boost)  
  16  0:55  Probe (Chrono Boost)  
  17  0:57  Assimilator  
  17  1:02  Assimilator  
  17  1:04  Probe  
  18  1:17  Pylon  
  18  1:25  Cybernetics Core  
  18  1:26  Probe (Chrono Boost)  
  19  1:33  Pylon  
  19  1:38  Probe (Chrono Boost)  
  21  1:47  Probe (Chrono Boost)  
  21  1:57  Probe  
  22  2:03  Stargate  
  22  2:09  Probe  
  22  2:12  Warp Gate  
  23  2:18  Stalker (Chrono Boost)  
  25  2:28  Probe  
  26  2:40  Probe  
  27  2:46  Void Ray (Chrono Boost)  
  31  2:52  Pylon  
  31  3:11  Gateway  
  31  3:16  Void Ray (Chrono Boost)  
  35  3:23  Gateway  
  38  3:49  Gateway  
  38  3:50  Void Ray (Chrono Boost)  
  38  4:16  Forge  
  38  4:19  Robotics Facility  

Tags
 
Add a new tag
Caveats
  • Supply blocks, unpowered buildings, or Contaminate may cause inaccurate times.
  • Supply counts are checked every 10 seconds.